 Dungeon Crawl Stone Soup version 0.30.1-11-g7821555f0a (webtiles) character file.

Game seed: 17863151238778946410

191 Okkudo the Chopper (level 5, -2/46 HPs)
             Began as a Hill Orc Fighter on Nov 26, 2023.
             Was an Initiate of Beogh.
             Slain by an ogre
             ... wielding a +0 giant spiked club
              (29 damage)
             ... on level 4 of the Dungeon.
             The game lasted 00:16:35 (2444 turns).

Okkudo the Chopper (Hill Orc Fighter)               Turns: 2444, Time: 00:16:36

Health: -2/46      AC:  8    Str: 21    XL:     5   Next: 70%
Magic:  5/5        EV: 11    Int:  8    God:    Beogh [......]
Gold:   125        SH:  9    Dex: 10    Spells: 4/4 levels left

rFire   . . .        a - +0 war axe
rCold   . . .        c - +0 buckler
rNeg    . . .        i - +2 leather armour {Will+}
rPois   .            (no helmet)
rElec   .            (no cloak)
rCorr   .            j - +2 pair of gloves
SInv    +            (no boots)
Will    +....        l - amulet of reflection
Stlth   +            n - ring of see invisible
HPRegen 0.27/turn    (no ring)
MPRegen 0.09/turn

%: reflection
@: no status effects
A: no striking features
a: Renounce Religion


You were on level 4 of the Dungeon.
You worshipped Beogh.
Beogh was noncommittal.
You visited 1 branch of the dungeon, and saw 4 of its levels.

You collected 125 gold pieces.

Inventory:

Hand Weapons
 a - a +0 war axe (weapon)
Missiles
 r - 3 poisoned darts (quivered)
Armour
 b - a +0 scale mail
 c - a +0 buckler (worn)
 i - a +2 leather armour of willpower (worn)
 j - a +2 pair of gloves (worn)
Jewellery
 l - an amulet of reflection (around neck)
 n - a ring of see invisible (left hand)
Scrolls
 e - 2 scrolls of amnesia {unknown}
 f - 5 scrolls of identify
 h - a scroll of poison
 p - a scroll of immolation
Potions
 d - a potion of might
 g - 2 potions of heal wounds
 k - a potion of cancellation {unknown}
 m - a potion of brilliance {unknown}
 o - a potion of mutation {unknown}
 q - a potion of flight {unknown}


   Skills:
 + Level 4.2 Fighting
 + Level 5.4 Axes
 + Level 3.8 Armour
 + Level 1.3 Dodging
 + Level 0.5 Stealth
 + Level 3.9 Shields


You had 4 spell levels left.
You didn't know any spells.
Your spell library contained the following spells:

 Spells                   Type           Power      Damage    Failure   Level
 Apportation              Tloc           0%         N/A       52%         1
 Necrotise                Necr           0%         1d4       52%         1
 Summon Small Mammal      Summ           0%         N/A       52%         1
 Cigotuvi's Dreadful Rot  Necr/Pois/Air  0%         N/A       67%         2
 Call Canine Familiar     Summ           0%         N/A       88%         3
 Ignite Poison            Fire/Tmut/Pois 0%         N/A       88%         3
 Summon Guardian Golem    Hex/Summ       0%         N/A       88%         3
 Freezing Cloud           Conj/Ice/Air   0%         6-21      100%        5


Dungeon Overview and Level Annotations

Branches:
Dungeon (4/15)
 Temple: D:4-7

Altars:
Ashenzari
Xom


Message History

You slash the phantom!
You destroy the phantom!
Beogh accepts your kill.
Your Axes skill increases to level 5!
You see here 3 poisoned darts.
You see here 3 poisoned darts.
r - 3 poisoned darts
Found 17 gold pieces.
Things that are here:
a +1 robe of cold resistance; a staff of cold An ogre comes into view.
It is wielding a +0 giant spiked club.
The ogre shouts!
What are your orders? t - Shout!
Orders for allies: a - Attack new target. r - Retreat! s - Stop attacking. g - Guard the area. f - Follow me.
Anything else - Cancel.
Okay, then.
Unknown command.
Found 4 stones.
An iguana comes into view.
The quasit gives a chilling moan.
You hear a chilling moan.
Found 12 gold pieces.
Found a dark potion.
The quasit gives a chilling moan.
Found 20 gold pieces.
The quasit gives a chilling moan.
Found a scroll of identify.
You slash the ogre!
The ogre is heavily wounded.
You block the ogre's attack. The ogre attacks as you move away!
The ogre hits you with a +0 giant spiked club!!
Found a thin cabochon amulet.
You hit the ogre.
The ogre is heavily wounded.
The ogre hits you with a +0 giant spiked club!!
Ouch! That really hurt!
You die...

.............#...######
#####..................#
#..5##.........[.......##
..∩55#.....#.#..........#
#$!$##...l.#..#.......<##
### #.....#...#......#.#
......#............####
......###O.........##
.........@...........#
..........<.........##
#....................#
..............#...###
.................#
......>.........##
............#....#
....".......#....#
.###.###...#


You could see an ogre.

Vanquished Creatures
  A phantom (D:4)
  6 adders
  6 orcs (D:3)
  4 ball pythons
  8 bats
  4 endoplasms
  2 giant cockroaches
  4 goblins
  6 hobgoblins
  4 jackals (D:2)
  3 kobolds
  A quokka (D:3)
  3 frilled lizards
  3 rats (D:2)
55 creatures vanquished.

Vanquished Creatures (others)
  An adder (D:3)
1 creature vanquished.

Grand Total: 56 creatures vanquished

Notes
Turn   | Place    | Note
-------+----------+-------------------------------------------
     0 | D:1      | Okkudo the Hill Orc Fighter began the quest for the Orb.
     0 | D:1      | Reached XP level 1. HP: 19/19 MP: 1/1
   161 | D:1      | Reached XP level 2. HP: 17/27 MP: 2/2
   468 | D:2      | Reached skill level 3 in Axes
   489 | D:2      | Reached XP level 3. HP: 26/33 MP: 3/3
  1309 | D:2      | Reached skill level 4 in Axes
  1323 | D:2      | Reached XP level 4. HP: 40/40 MP: 4/4
  1482 | D:3      | Found a broken altar of Ashenzari.
  1653 | D:3      | Found a shimmering altar of Xom.
  2055 | D:3      | Found a faded altar of an unknown god.
  2089 | D:3      | Reached XP level 5. HP: 46/46 MP: 5/5
  2158 | D:3      | Reached skill level 1 in Dodging
  2159 | D:3      | Became a worshipper of Beogh the Brigand
  2387 | D:4      | Noticed a phantom
  2409 | D:4      | Killed a phantom
  2410 | D:4      | Reached skill level 5 in Axes
  2426 | D:4      | Noticed an ogre
  2444 | D:4      | Slain by an ogre

Illustrated notes

Levels and vault maps discovered:
D:1:      roderic_chinese_lattice_arrival, layout_rooms
D:2:      layout_basic, st_stairs_7, hangedman_decor_points, minmay_tromino_v4_a
D:3:      layout_basic, mainiacjoe_overflow_cross_hatched,
          mainiacjoe_overflow_24_doors, hellmonk_ecumenical_altar_blasted
D:4:      cheibrodos_quashed, layout_cave_pools, fedhas_altar_4,
          nicolae_hepliaklqana_hippocampus, kennysheep_pointless_box,
          minmay_snake_closets, uniq_natasha, uniq_menkaure

Skill      XL: |  1  2  3  4  5 |
---------------+----------------+-----
Axes           | 3 4 5 |  5.4
Fighting       | 4 |  4.2
Dodging        | 1 |  1.3
Armour         | |  3.8
Stealth        | |  0.5
Shields        | |  3.9

Action                     |  1- 3 |  4- 6 || total
---------------------------+-------+-------++-------
  Melee: War axe           |    96 |    85 ||   181
 Invoke: Convert to Beogh  |       |     1 ||     1
    Use: Potion            |     1 |       ||     1
         Scroll            |     1 |       ||     1
   Stab: Sleeping          |       |     1 ||     1
 Armour: Scale mail        |    32 |       ||    32
         Leather armour    |    13 |    21 ||    34
  Dodge: Dodged            |    49 |    49 ||    98
  Block: Buckler           |    27 |    37 ||    64
         Reflection        |       |     1 ||     1
